 Dungeon Crawl Stone Soup version 0.30.0 (webtiles) character file.

Game seed: 10513353006563063557

102 apoch the Chopper (level 4, -2/58 HPs)
             Began as a Hill Orc Fighter on May 5, 2023.
             Succumbed to Terence's poison
             ... on level 2 of the Dungeon.
             The game lasted 00:02:07 (1467 turns).

apoch the Chopper (Hill Orc Fighter)                Turns: 1467, Time: 00:02:08

Health: -2/58      AC: 22    Str: 20    XL:     4   Next: 78%
Magic:  4/4        EV:  2    Int:  8    God:
Gold:   102        SH:  4    Dex: 10    Spells: 3/3 levels left

rFire   . . .        a - +0 war axe
rCold   . . .        c - +0 buckler
rNeg    . . .        b - melded +0 scale mail
rPois   +            (helmet currently unavailable)
rElec   .            j - melded +0 cloak
rCorr   .            (gloves currently unavailable)
SInv    .            (boots currently unavailable)
Will    .....        (no amulet)
Stlth   +            (no ring)
HPRegen 0.29/turn    (no ring)
MPRegen 0.09/turn

%: no passive effects
@: mighty, lethally poisoned (-2 -> -15), tree-form
A: stationary, stasis, torment immunity, boosted hp
a: no special abilities


You were on level 2 of the Dungeon.
You were a tree.
You visited 1 branch of the dungeon, and saw 2 of its levels.

You collected 102 gold pieces.

Inventory:

Hand Weapons
 a - a +0 war axe (weapon)
Armour
 b - a +0 scale mail (melded)
 c - a +0 buckler (worn)
 j - a +0 cloak (melded)
Scrolls
 e - 2 scrolls of teleportation {unknown}
 f - a scroll of fear {unknown}
 h - a scroll of immolation {unknown}
 m - 2 scrolls of identify {unknown}
Potions
 i - a potion of curing {unknown}
 k - a potion of brilliance {unknown}
 l - a potion of heal wounds {unknown}
 n - a potion of haste {unknown}


   Skills:
 - Level 3.6 Fighting
 + Level 6.4 Axes
 - Level 3.2 Armour
 - Level 3.2 Shields


You had 3 spell levels left.
You didn't know any spells.
Your spell library contained the following spells:

 Spells                   Type           Power      Damage    Failure   Level
 Kiss of Death            Conj/Necr      0%         2d5       47%         1
 Confusing Touch          Hex            0%         N/A       85%         3
 Ozocubu's Armour         Ice            0%         N/A       85%         3
 Dispel Undead            Necr           0%         3d6       99%         4
 Ozocubu's Refrigeration  Ice            0%         4d7       100%        7


Dungeon Overview and Level Annotations

Branches:
Dungeon (2/15)

Altars:

Shops:
D:1 =


Message History

A giant cockroach comes into view.
You slash the giant cockroach!
You kill the giant cockroach!
Your Axes skill increases to level 6!
Terence the Incautious comes into view.
He is wielding a +1 hand axe of venom.
Terence shouts!
You hit Terence but do no damage. You block Terence's attack.
A goblin comes into view. It is wielding a +0 dagger.
The goblin shouts!
You slash Terence!
Terence is severely wounded.
Terence hits you with a +1 hand axe of venom!
You are poisoned.
Terence hits you with a +1 hand axe of venom.
You hit Terence but do no damage.
Terence is severely wounded.
You feel very sick.
Terence hits you with a +1 hand axe of venom!
You are lethally poisoned!
You are too injured to fight recklessly!
You are too injured to fight recklessly!
You are too injured to fight recklessly!
You feel very mighty all of a sudden.
* * * LOW HITPOINT WARNING * * *
You feel very sick.
Terence hits you with a +1 hand axe of venom.
* * * LOW HITPOINT WARNING * * *
You are more poisoned.
You slash Terence!
You kill Terence!
* * * LOW HITPOINT WARNING * * *
You feel very sick.
It was a potion of lignification.
You turn into a tree.
Your +0 cloak melds into your body.
Your +0 scale mail melds into your body.
Your roots penetrate the ground.
* * * LOW HITPOINT WARNING * * *
You feel very sick.
You closely miss the goblin.
You die...

.............#
....##....##..# ......
....##..#.###.# ......
........#...#.####......
...##...............)...
........###.............
........................
....#...................
......#..#####..♣g......
...#####.###....####.##.
...# #.......## ..~...
.#.######.....#### ...~...
............###..# ≈≈~~~~~
.###....#.......# ≈≈~~.~~
.##..#.##.....#### ##......~
.#..##......#....###..#..~..
.#.###...>..####..##......##


You could see a goblin.

Vanquished Creatures
  Natasha (D:2)
  Terence (D:2)
  An adder (D:2)
  A dart slug (D:2)
  3 bats (D:1)
  3 endoplasms (D:1)
  5 giant cockroaches
  4 goblins
  4 hobgoblins
  4 jackals (D:1)
  3 ball pythons
  3 frilled lizards
  2 kobolds (D:1)
  3 rats
  A bush (D:1)
39 creatures vanquished.

Vanquished Creatures (others)
  3 plants (D:1)
3 creatures vanquished.

Grand Total: 42 creatures vanquished

Notes
Turn   | Place    | Note
-------+----------+-------------------------------------------
     0 | D:1      | apoch the Hill Orc Fighter began the quest for the Orb.
     0 | D:1      | Reached XP level 1. HP: 19/19 MP: 1/1
    58 | D:1      | Reached skill level 3 in Axes
   122 | D:1      | Reached XP level 2. HP: 26/26 MP: 2/2
   168 | D:1      | Reached skill level 4 in Axes
   402 | D:1      | Reached XP level 3. HP: 31/31 MP: 3/3
   603 | D:1      | Found Olueneriam's Jewellery Emporium.
   611 | D:1      | Found a faded altar of an unknown god.
  1142 | D:2      | Reached skill level 5 in Axes
  1330 | D:2      | Noticed Natasha
  1340 | D:2      | Killed Natasha
  1341 | D:2      | Reached XP level 4. HP: 34/39 MP: 4/4
  1449 | D:2      | Reached skill level 6 in Axes
  1455 | D:2      | Noticed Terence
  1465 | D:2      | Killed Terence
  1466 | D:2      | HP: 2/58 [poisoned by Terence]
  1467 | D:2      | Succumbed to Terence's poison

Illustrated notes

Levels and vault maps discovered:
D:1:      psy_arrival_spokes, layout_loops_ring,
          ebering_ecumenical_altar_petrified, serial_forest,
          infiniplex_forest_end_2, infiniplex_forest_lined_1,
          infiniplex_forest_clump_small, infiniplex_forest_end_3,
          infiniplex_forest_clump_tiny, serial_shops, shop
D:2:      layout_rooms, chequers_serial_rivers_small_3, uniq_natasha,
          uniq_terence

Skill      XL: |  1  2  3  4 |
---------------+-------------+-----
Axes           | 3 4 5 6 |  6.4
Fighting       | |  3.6
Armour         | |  3.2
Shields        | |  3.2

Action                     |  1- 3 |  4- 6 || total
---------------------------+-------+-------++-------
  Melee: War axe           |   142 |     8 ||   150
  Throw: Stone             |    13 |       ||    13
         Boomerang         |     7 |       ||     7
    Use: Potion            |       |     2 ||     2
 Armour: Scale mail        |    28 |       ||    28
  Dodge: Dodged            |    28 |     1 ||    29
  Block: Buckler           |    19 |     1 ||    20
